cohdb
Replays
Latest Replays
All Replays
Popular Replays
Top Player Replays
Match Explorer
How It Works
Community
CoH3 Stats
Reddit
Sign in to upload your games and track your stats! →
Sign in with Steam
Match 25083516
Unlisted
Match 25083516
Overview
Messages
Build Orders
End
Vickers Machine Gun Team
Construct Section Command Post
Selects Heavy Armor Battlegroup
Dingo Light Scout Car
Infantry Section
ML 3-inch Mortar Team
Selects Engineer Detachments
Royal Engineer Section
Infantry Section
Construct Platoon Command Post
6-pounder Anti-tank Gun Team
6-pounder Anti-tank Gun Team
Construct Field Infirmary
Vickers Machine Gun Team
Selects Crusader AA Medium Tank
Selects UNKNOWN (2162094)
Construct Company Command Post
Foot Guards Section
Crusader II Medium Tank
^3
Zuntew
0
0
Comments
sign in to comment!
No comments posted yet!